[Event "*** Titled Tuesday Blitz"]
[Site "Chess.com"]
[Date "2020.05.19"]
[Round "7"]
[White "MrChampion_Coach"]
[Black "Luibov_AN"]
[Result "1-0"]
[WhiteElo "2302"]
[BlackElo "2083"]
[TimeControl "180+1"]
[EndTime "13:16:29 PDT"]
[Termination "MrChampion_Coach won by resignation"]

1. e4 g6 2. d4 Bg7 3. Nc3 c5 4. dxc5 Nc6 5. Nf3 Qa5 6. Bd2 Nf6 7. Nd5 Qd8 8. Bc3 O-O 9. Nxf6+ exf6 10. Bc4 Qe7 11. O-O Qxc5 12. Bd5 Ne5 13. a3 Rb8 14. Bb4 Qb6 15. Nxe5 fxe5 16. Bxf8 Bxf8 17. Qf3 1-0

[Event "*** Titled Tuesday Blitz"]
[Site "Chess.com"]
[Date "2020.05.19"]
[Round "7"]
[White "diablanni"]
[Black "davidkalashian"]
[Result "0-1"]
[WhiteElo "2347"]
[BlackElo "2617"]
[TimeControl "180+1"]
[EndTime "13:16:36 PDT"]
[Termination "davidkalashian won by resignation"]

1. e4 c6 2. d4 g6 3. Nc3 Bg7 4. Nf3 d6 5. h3 Nf6 6. Be3 O-O 7. Qd2 Nbd7 8. Bd3 e5 9. dxe5 dxe5 10.
O-O-O Qe7 11. Bh6 Nc5 12. Qg5 Re8 13. Rhe1 b5 14. h4 b4 15. Nb1 Bxh6 16. Qxh6 Ng4 17. Qd2 Nxd3+ 18. cxd3 Qc5+ 19. Qc2 Qxc2+ 20. Kxc2 Nxf2 21.
Rd2 Ng4 22. h5 a5 23. Rh1 Be6 24. b3 a4 25. Kb2 axb3 26. axb3 Ra7 27. h6 Rea8 0-1

[Event "*** Titled Tuesday Blitz"]
[Site "Chess.com"]
[Date "2020.05.19"]
[Round "7"]
[White "manmanlai1"]
[Black "AGW2016"]
[Result "1-0"]
[WhiteElo "2358"]
[BlackElo "2224"]
[TimeControl "180+1"]
[EndTime "13:16:37 PDT"]
[Termination "manmanlai1 won by resignation"]

1. e4 c5 2. Nf3 d6 3. d4 cxd4 4. Nxd4 Nf6 5. Nc3 Nc6 6. Bg5 e6 7. Qd2 a6 8. O-O-O Bd7 9. f4 Be7 10. Nf3 b5 11. e5 b4 12. exf6 bxc3 13. Qxc3 gxf6 14. Bh4 Rg8 15. Bd3 f5 16. Bxe7 Qxe7 17. g3 f6 18. Rhe1 e5 19. Nh4 e4 20. Nxf5 Bxf5 21.
Qxc6+ Kf7 22. Bc4+ Be6 23. Rxe4 d5 24. Rxe6 Qxe6 25.
Bxd5 1-0

[Event "*** Titled Tuesday Blitz"]
[Site "Chess.com"]
[Date "2020.05.19"]
[Round "7"]
[White "MomchilPetkov"]
[Black "SharapovEvgeny"]
[Result "1-0"]
[WhiteElo "2535"]
[BlackElo "2372"]
[TimeControl "180+1"]
[EndTime "13:16:43 PDT"]
[Termination "MomchilPetkov won by resignation"]

1. d4 d5 2. c4 c6 3. Nf3 Nf6 4.
Qc2 g6 5. Bf4 Bf5 6. Qb3 Qb6 7. c5 Qxb3 8. axb3 Bxb1 9. Rxb1 Nbd7 10. Ra1 a6 11. b4 Rc8 12. e3 Nh5 13. Bg3 Nxg3 14. hxg3 Bg7 15. Be2 e5 16. Kd2 exd4 17. Nxd4 O-O 18. g4 1-0

[Event "*** Titled Tuesday Blitz"]
[Site "Chess.com"]
[Date "2020.05.19"]
[Round "7"]
[White "Lali-Rustavi"]
[Black "Prostochendir"]
[Result "0-1"]
[WhiteElo "1879"]
[BlackElo "2167"]
[TimeControl "180+1"]
[EndTime "13:16:56 PDT"]
[Termination "Prostochendir won by resignation"]

1. e4 c5 2. Nc3 Nc6 3. f4 e6 4. Nf3 d5 5. exd5 exd5 6. d4 Nf6 7. Be2 cxd4 8. Nxd4 Bc5 9. Nxc6 bxc6 10. Bf3 O-O 11. Qd3 Re8+ 12. Ne2 a5 13. Bd2 Ba6 14. Qc3 Bxe2 15.
Bxe2 Qe7 16. Qf3 Ne4 17. Bc3 Nxc3 18. bxc3 Be3 19. Kd1 Qc5 20. c4 Qd4+ 21. Bd3 Qxa1+ 22. Ke2 Qxh1 23. Qh5 Qxg2+ 0-1

[Event "*** Titled Tuesday Blitz"]
[Site "Chess.com"]
[Date "2020.05.19"]
[Round "7"]
[White "Tacticusbd"]
[Black "tteshan"]
[Result "1-0"]
[WhiteElo "2407"]
[BlackElo "2231"]
[TimeControl "180+1"]
[EndTime "13:17:08 PDT"]
[Termination "Tacticusbd won by checkmate"]

1. e4 c5 2. b3 Nc6 3. Bb2 e6 4. Nf3 Nf6 5. e5 Nd5 6. Bb5 Qc7 7. O-O Be7 8. Re1 O-O 9. Nc3 Nxc3 10. dxc3 a6 11.
Bd3 d5 12. exd6 Qxd6 13. c4 Rd8 14. a3 b6 15. Ne5 Bb7 16. Bxh7+ Kf8 17. Qh5 Nxe5 18.
Bxe5 Qd2 19. Be4 Bxe4 20. Qh8# 1-0

[Event "*** Titled Tuesday Blitz"]
[Site "Chess.com"]
[Date "2020.05.19"]
[Round "7"]
[White "Azoulas1"]
[Black "vyprd"]
[Result "1-0"]
[WhiteElo "1968"]
[BlackElo "2179"]
[TimeControl "180+1"]
[EndTime "13:17:10 PDT"]
[Termination "Azoulas1 won by resignation"]

1. e4 c5 2. Nf3 d6 3. d4 cxd4 4. Nxd4 Nf6 5. Nc3 a6 6. Bg5 Nbd7 7. f4 e6 8. Qf3 Be7 9. O-O-O Qc7 10. g4 b5 11.
Bxf6 Nxf6 12. g5 Nd7 13. f5 Bxg5+ 14. Kb1 Nc5 15. fxe6 O-O 16. Nd5 Qd8 17. e7 Bxe7 18.
Nc6 Qe8 19. Ncxe7+ Kh8 20. h4 Bb7 21. Bg2 f5 22.
Nxf5 Bxd5 23. Rxd5 b4 24. Qg3 Rf7 25. Nxd6 1-0

[Event "*** Titled Tuesday Blitz"]
[Site "Chess.com"]
[Date "2020.05.19"]
[Round "7"]
[White "shav3184"]
[Black "RobertoJBM"]
[Result "0-1"]
[WhiteElo "2349"]
[BlackElo "2622"]
[TimeControl "180+1"]
[EndTime "13:17:12 PDT"]
[Termination "RobertoJBM won by resignation"]

1. e4 c6 2. d4 d5 3. Nc3 dxe4 4. Nxe4 Nd7 5. Nf3 Ngf6 6. Ng3 e6 7. Bd3 Bd6 8. O-O O-O 9. c3 Re8 10. Re1 Qc7 11. Ne4 Nxe4 12. Bxe4 b6 13. Bg5 Bb7 14. Qc2 Nf8 15. h4 c5 16. Rad1 Rac8 17. Qa4 Bc6 18. Bxc6 Qxc6 19. Qxc6 Rxc6 20. d5 Rcc8 21. dxe6 Bb8 22.
exf7+ Kxf7 23. Rd7+ Nxd7 24. Rxe8 Rxe8 0-1

[Event "*** Titled Tuesday Blitz"]
[Site "Chess.com"]
[Date "2020.05.19"]
[Round "7"]
[White "cfjohansson"]
[Black "FMalexhdez"]
[Result "1-0"]
[WhiteElo "2344"]
[BlackElo "2053"]
[TimeControl "180+1"]
[EndTime "13:17:15 PDT"]
[Termination "cfjohansson won by resignation"]

1. d4 Nf6 2. c4 e6 3. Nc3 Bb4 4. f3 c5 5. d5 exd5 6. cxd5 O-O 7. e4 d6 8. Bd3 Nbd7 9. Ne2 Ne5 10. Bc2 a6 11. a4 Bd7 12. O-O b5 13. axb5 axb5 14.
Rxa8 Qxa8 15. f4 Nc4 16. Ng3 Bg4 17. Qd3 Re8 18. Nxb5 Qa6 19. Qxc4 1-0

[Event "*** Titled Tuesday Blitz"]
[Site "Chess.com"]
[Date "2020.05.19"]
[Round "7"]
[White "rakshi2005"]
[Black "Kavyev_Ruslan"]
[Result "0-1"]
[WhiteElo "2272"]
[BlackElo "2444"]
[TimeControl "180+1"]
[EndTime "13:17:26 PDT"]
[Termination "Kavyev_Ruslan won by resignation"]

1. e4 c5 2. Nf3 d6 3. d4 cxd4 4. Nxd4 Nf6 5. Nc3 a6 6. Bg5 Nbd7 7. Bc4 Qb6 8. O-O Qxb2 9. Rb1 Qxc3 10. Bd5 g6 11. f4 Bg7 12. Rb3 Nxd5 13. Rxc3 Nxc3 14. Qd3 Bxd4+ 15. Kh1 Bg7 16. Bh4 O-O 17. Be1 Nb5 18.
a4 Nc7 19. Bc3 Nc5 20. Bxg7 Nxd3 0-1

[Event "*** Titled Tuesday Blitz"]
[Site "Chess.com"]
[Date "2020.05.19"]
[Round "7"]
[White "rogapa"]
[Black "Alomaterapia"]
[Result "1-0"]
[WhiteElo "2697"]
[BlackElo "2537"]
[TimeControl "180+1"]
[EndTime "13:17:34 PDT"]
[Termination "rogapa won by resignation"]

1. e4 c6 2. d4 d5 3. e5 Bf5 4. Nf3 e6 5. Be2 Ne7 6. O-O c5 7. Be3 Nec6 8. dxc5 Nd7 9. c4 dxc4 10. Na3 Ndxe5 11.
Nxe5 Nxe5 12. Qa4+ Qd7 13. Nb5 Rc8 14. Rfd1 Bd3 15.
Bxd3 cxd3 16. Qe4 f6 17. Nxa7 Ra8 18. f4 Ng4 19. Rxd3 Qf7 20. Qa4+ 1-0

[Event "*** Titled Tuesday Blitz"]
[Site "Chess.com"]
[Date "2020.05.19"]
[Round "7"]
[White "RichardShtivelband"]
[Black "Crazy_girl99"]
[Result "0-1"]
[WhiteElo "2285"]
[BlackElo "2431"]
[TimeControl "180+1"]
[EndTime "13:17:44 PDT"]
[Termination "Crazy_girl99 won by resignation"]

1. e4 e5 2. Nf3 Nc6 3. Bb5 a6 4.
Ba4 Nf6 5. O-O Nxe4 6. d4 b5 7.
Bb3 d5 8. dxe5 Be6 9. c3 Be7 10.
Nbd2 O-O 11. Bc2 f5 12. exf6 Nxf6 13. Nb3 Qd7 14. Nfd4 Bg4 15. f3 Bh5 16. Bg5 Ne5 17.
Re1 Bd6 18. f4 Bxd1 0-1

[Event "*** Titled Tuesday Blitz"]
[Site "Chess.com"]
[Date "2020.05.19"]
[Round "7"]
[White "PIwan"]
[Black "Camels1981"]
[Result "1-0"]
[WhiteElo "2507"]
[BlackElo "2340"]
[TimeControl "180+1"]
[EndTime "13:17:51 PDT"]
[Termination "PIwan won by resignation"]

1. c4 c5 2. Nf3 Nc6 3. e3 g6 4.
d4 cxd4 5. exd4 Bg7 6. d5 Ne5 7. Nd4 d6 8. Nc3 Nf6 9. Be2 O-O 10. O-O a6 11. h3 Rb8 12. f4 Ned7 13. Be3 Nc5 14.
Bf3 b5 15. Nc6 Qc7 16. Nxb8 Qxb8 17. cxb5 axb5 18. b4 Ncd7 19. Bd4 Bh6 20. Be2 Nb6 21. Bxf6 exf6 22. Bxb5 Bf5 23. a4 Rc8 24. Qd4 1-0

[Event "*** Titled Tuesday Blitz"]
[Site "Chess.com"]
[Date "2020.05.19"]
[Round "7"]
[White "Nellichka"]
[Black "PawnEatingZombie"]
[Result "0-1"]
[WhiteElo "1994"]
[BlackElo "2240"]
[TimeControl "180+1"]
[EndTime "13:17:51 PDT"]
[Termination "PawnEatingZombie won by checkmate"]

1. d4 d5 2. c4 e6 3. Nc3 Bb4 4. Nf3 dxc4 5. e4 b5 6. Bg5 Ne7 7. Be2 Bb7 8. Qc2 Nd7 9. O-O a6 10. a4 c6 11. b3 Bxc3 12. Qxc3 cxb3 13. d5 cxd5 14. exd5 Bxd5 15. Qxg7 Rg8 16. Qxh7 Bxf3 17. Bxf3 Rxg5 18. Bxa8 Qxa8 19. axb5 Qxg2# 0-1

[Event "*** Titled Tuesday Blitz"]
[Site "Chess.com"]
[Date "2020.05.19"]
[Round "7"]
[White "DarkAlekhine"]
[Black "Thee-Chessboy"]
[Result "1-0"]
[WhiteElo "2626"]
[BlackElo "2409"]
[TimeControl "180+1"]
[EndTime "13:17:52 PDT"]
[Termination "DarkAlekhine won by resignation"]

1. Nf3 Nf6 2. g3 g6 3. Bg2 Bg7 4. O-O O-O 5. c4 c6 6. d4 d5 7.
Nbd2 Ne4 8. e3 Bg4 9. h3 Bxf3 10. Qxf3 Nxd2 11. Bxd2 dxc4 12. Qe2 e5 13. dxe5 Bxe5 14.
Rfd1 Qf6 15. Qxc4 Nd7 16. Rab1 Nb6 17. Qc2 Rfd8 18. f4 Bd6 19. Bc3 Qe6 20. e4 Qxa2 21.
e5 Bc5+ 22. Kh2 Qa4 23. b3 Qa6 24. Bf1 Qa3 25. Ra1 Rxd1 26. Qxd1 1-0

[Event "*** Titled Tuesday Blitz"]
[Site "Chess.com"]
[Date "2020.05.19"]
[Round "7"]
[White "Maghalashvili"]
[Black "vanea_03"]
[Result "1-0"]
[WhiteElo "2808"]
[BlackElo "2643"]
[TimeControl "180+1"]
[EndTime "13:17:54 PDT"]
[Termination "Maghalashvili won by resignation"]

1. Nf3 Nf6 2. g3 b6 3. Bg2 Bb7 4. O-O g6 5. c4 Bg7 6. Nc3 Ne4 7.
Nxe4 Bxe4 8. d3 Bb7 9. e4 O-O 10.
Re1 c5 11. d4 d6 12. d5 Bc8 13. h3 Nd7 14. Bf4 a6 15. Qe2 b5 16. e5 dxe5 17. Nxe5 Nxe5 18. Bxe5 Bxe5 19. Qxe5 bxc4 20. Qxe7 Qxe7 21.
Rxe7 Rb8 22. Re2 Bf5 23. Rc1 Bd3 24. Rd2 Rfd8 25. b3 Rb4 26. bxc4 Rxc4 27. Rxc4 Bxc4 28.
Rc2 Bb5 29. Rxc5 Kf8 30. Rc7 Rd7 31. Rxd7 Bxd7 32. Bf1 Bb5 33. Bxb5 axb5 34. Kg2 Ke7 35. Kf3 Kd6 36. Ke4 1-0

[Event "*** Titled Tuesday Blitz"]
[Site "Chess.com"]
[Date "2020.05.19"]
[Round "7"]
[White "Storchnoi"]
[Black "Char_dasha"]
[Result "0-1"]
[WhiteElo "1957"]
[BlackElo "2357"]
[TimeControl "180+1"]
[EndTime "13:17:55 PDT"]
[Termination "Char_dasha won by resignation"]

1. d4 e6 2. c4 Bb4+ 3. Bd2 Bxd2+ 4. Qxd2 Nf6 5. Nc3 O-O 6. Nf3 c5 7. e3 cxd4 8. Nxd4 Nc6 9. Be2 b6 10. Bf3 Bb7 11. Ndb5 d5 12. cxd5 Ne5 13. e4 Nxf3+ 14. gxf3 exd5 15. O-O-O a6 16. Nd4 dxe4 17. fxe4 Nxe4 18.
Nxe4 Bxe4 19. Rhg1 Rc8+ 20. Nc2 Qf6 21. Kb1 Rxc2 22.
Qxc2 Bxc2+ 23. Kxc2 Qxf2+ 24. Kb1 g6 25. a3 Rc8 26. Rc1 Rxc1+ 27. Rxc1 Qxh2 0-1

[Event "*** Titled Tuesday Blitz"]
[Site "Chess.com"]
[Date "2020.05.19"]
[Round "7"]
[White "chesslh19"]
[Black "WonderChampion"]
[Result "1-0"]
[WhiteElo "2175"]
[BlackElo "1925"]
[TimeControl "180+1"]
[EndTime "13:18:01 PDT"]
[Termination "chesslh19 won by resignation"]

1. e4 c5 2. Nf3 g6 3. d4 cxd4 4. Nxd4 Nc6 5. Nc3 Bg7 6. Be3 Nf6 7. Bc4 O-O 8. Bb3 a5 9. f3 d6 10. Qd2 Bh8 11. O-O-O Rb8 12. h4 Bd7 13. h5 Nxd4 14. Bxd4 b5 15. hxg6 hxg6 16. Rxh8+ Kxh8 17. Qh6+ Kg8 18.
Qxg6+ Kh8 19. Rh1+ 1-0

[Event "*** Titled Tuesday Blitz"]
[Site "Chess.com"]
[Date "2020.05.19"]
[Round "7"]
[White "Harsha_Bharathakoti"]
[Black "GHANDEEVAM2003"]
[Result "1/2-1/2"]
[WhiteElo "2761"]
[BlackElo "2907"]
[TimeControl "180+1"]
[EndTime "13:18:03 PDT"]
[Termination "Game drawn by agreement"]

1. Nf3 c5 2. c4 g6 3. d4 cxd4 4. Nxd4 Bg7 5. e4 Nf6 6. Nc3 O-O 7. Be2 Nc6 8. Be3 d6 9. O-O Bd7 10. Qd2 Rc8 11. f3 Qa5 12. Rac1 Rfd8 13. Rfd1 Nxd4 14. Bxd4 Ne8 15. Be3 Be6 16. b3 a6 17. Nd5 Qxd2 18. Bxd2 Bxd5 19. cxd5 Bb2 20. Rxc8 Rxc8 21. Bd3 Nf6 22.
Rb1 Bd4+ 23. Kf1 Nd7 24. Rc1 Rxc1+ 25. Bxc1 Ne5 26. Be2 h5 27. f4 Ng4 28. h3 Ne3+ 29. Bxe3 Bxe3 30. g3 h4 31. Kg2 hxg3 32. Kxg3 Kg7 1/2-1/2

[Event "*** Titled Tuesday Blitz"]
[Site "Chess.com"]
[Date "2020.05.19"]
[Round "7"]
[White "Nara_Kh"]
[Black "Savva09022009"]
[Result "0-1"]
[WhiteElo "2281"]
[BlackElo "2424"]
[TimeControl "180+1"]
[EndTime "13:18:05 PDT"]
[Termination "Savva09022009 won by resignation"]

1. e4 c5 2. Nf3 Nc6 3. Bb5 Nf6 4. d3 Qa5+ 5. Nc3 Nd4 6. Bc4 b5 7. Nxd4 cxd4 8. b4 Qxb4 9. Rb1 Qxc3+ 10. Bd2 Qa3 11.
Rxb5 e6 12. e5 Nd5 13. Ra5 Nc3 14. Qf3 Qxa5 15. Qxa8 Qc7 16. O-O Bc5 17. f4 O-O 18.
Qf3 Bb7 19. Qg3 Ne2+ 0-1

[Event "*** Titled Tuesday Blitz"]
[Site "Chess.com"]
[Date "2020.05.19"]
[Round "7"]
[White "Fusikk"]
[Black "Gloomy_Wanderer"]
[Result "0-1"]
[WhiteElo "2592"]
[BlackElo "2760"]
[TimeControl "180+1"]
[EndTime "13:18:09 PDT"]
[Termination "Gloomy_Wanderer won by checkmate"]

1. d4 Nf6 2. c4 e6 3. Nf3 d5 4. Nc3 Bb4 5. Qa4+ Nc6 6. e3 O-O 7. Bd2 Re8 8. Qc2 a6 9. Rd1 Bd7 10. a3 Bd6 11. Bc1 h6 12. h3 Rb8 13. c5 Bf8 14.
Ne5 Nxe5 15. dxe5 Nh7 16. Ne2 c6 17. Nd4 b6 18. Nb3 a5 19. Bd3 g6 20. cxb6 Qxb6 21. h4 Qxb3 22. Qxb3 Rxb3 23. h5 g5 24. Ke2 c5 25. Bc2 Rb7 26. f4 Reb8 27. g4 Bg7 28. e4 d4 29. Bd3 gxf4 30. Bxf4 Rxb2+ 31. Kf3 R8b3 32. Bc1 Ng5+ 33. Kg3 Bxe5+ 34. Kh4 Rg2 35.
Bxg5 hxg5+ 36. Kxg5 f6+ 37. Kg6 Rxg4+ 38. Kh6 Bf4# 0-1

[Event "*** Titled Tuesday Blitz"]
[Site "Chess.com"]
[Date "2020.05.19"]
[Round "7"]
[White "Marcan2b"]
[Black "BogdanDeac"]
[Result "0-1"]
[WhiteElo "2471"]
[BlackElo "2976"]
[TimeControl "180+1"]
[EndTime "13:18:10 PDT"]
[Termination "BogdanDeac won by resignation"]

1. d4 Nf6 2. Bf4 d5 3. e3 c5 4.
Nf3 Nc6 5. Nbd2 Qb6 6. dxc5 Qxb2 7. Rb1 Qc3 8. Bb5 e6 9. O-O Be7 10. Ne5 Bd7 11. Bxc6 Bxc6 12. Nxc6 bxc6 13. Rb7 Bxc5 14. Nf3 Qa5 15. Ne5 O-O 16. Nxc6 Qa6 17. Rc7 Bb6 18. Re7 Rac8 19. Bg5 Ne4 20. Qg4 Nxg5 21. Qxg5 Rxc6 22. h4 Bd8 0-1

[Event "*** Titled Tuesday Blitz"]
[Site "Chess.com"]
[Date "2020.05.19"]
[Round "7"]
[White "Torrentec"]
[Black "oykuince"]
[Result "1-0"]
[WhiteElo "2298"]
[BlackElo "2007"]
[TimeControl "180+1"]
[EndTime "13:18:11 PDT"]
[Termination "Torrentec won by resignation"]

1. e4 c5 2. Nf3 e6 3. d4 cxd4 4. Nxd4 Nc6 5. Nxc6 bxc6 6. Bd3 e5 7. O-O Nf6 8. Bg5 Bc5 9. Nc3 O-O 10. Ne2 a5 11.
Ng3 d6 12. Qf3 h6 13. Bxf6 Qxf6 14. Qxf6 gxf6 15. Nh5 f5 16. exf5 f6 17. Kh1 d5 18.
c3 e4 19. Bc2 Bxf5 20. f3 Be7 21. Ng3 Bh7 22. fxe4 dxe4 23. Bxe4 Bxe4 24. Nxe4 f5 25. Ng3 f4 26. Ne4 Rab8 27. b3 a4 28. b4 Rbd8 29. Rae1 Bh4 30. g3 fxg3 31. hxg3 Rxf1+ 32. Rxf1 Bg5 33. Nxg5 hxg5 34. Rf6 Rd1+ 35. Kg2 Rd2+ 36. Kf3 Rxa2 37.
Rxc6 Rc2 38. Ke3 a3 39. Kd3 Rg2 40. Ra6 a2 41. Kc4 g4 42. b5 Rxg3 43. b6 Rg1 44. Rxa2 Rb1 45. Kc5 Kf7 46. Rg2 Rb3 47. c4 g3 48. Kc6 Rc3 49. c5 Ke6 50. b7 Ra3 51.
b8=Q Ra6+ 1-0

[Event "*** Titled Tuesday Blitz"]
[Site "Chess.com"]
[Date "2020.05.19"]
[Round "7"]
[White "korbul"]
[Black "JuliaEfremova"]
[Result "0-1"]
[WhiteElo "2440"]
[BlackElo "2131"]
[TimeControl "180+1"]
[EndTime "13:18:12 PDT"]
[Termination "JuliaEfremova won by resignation"]

1. d4 Nf6 2. c4 c5 3. d5 b5 4.
a4 bxc4 5. Nc3 g6 6. e4 d6 7.
Bxc4 Bg7 8. Bb5+ Bd7 9. Nf3 O-O 10. h3 Bxb5 11. axb5 Nbd7 12. O-O c4 13. Nd4 Nc5 14. Nc6 Qc7 15. Re1 a6 16. Re2 axb5 17. Nxb5 Qb7 18.
Rxa8 Rxa8 19. Na3 Ra4 20. Qc2 Kf8 21. Bg5 Qb3 22. Qd2 Ncxe4 23. Rxe4 Nxe4 24. Bxe7+ Kg8 25. Qf4 Qd1+ 26. Kh2 Qxd5 27. Bxd6 Qxd6 0-1

[Event "*** Titled Tuesday Blitz"]
[Site "Chess.com"]
[Date "2020.05.19"]
[Round "7"]
[White "1g41-0"]
[Black "ChessBitl"]
[Result "0-1"]
[WhiteElo "2519"]
[BlackElo "2360"]
[TimeControl "180+1"]
[EndTime "13:18:13 PDT"]
[Termination "ChessBitl won by resignation"]

1. e4 c5 2. Nf3 Nc6 3. Bb5 Qc7 4. O-O e6 5. Nc3 a6 6. Bxc6 Qxc6 7. d4 cxd4 8. Nxd4 Qc7 9. Qf3 Nf6 10. Bf4 d6 11. Bg3 Be7 12. Rfe1 O-O 13. e5 dxe5 14. Bxe5 Qb6 15.
Qg3 Bd7 16. Ne4 Kh8 17. Qh4 Nd5 18. Qh5 f6 19. Bg3 Qxd4 20. c3 Qb6 21. c4 Nb4 22. c5 Qc6 23. Rad1 e5 24. a3 Nc2 25. Rf1 Nd4 26. Nc3 Bf5 27. f4 Bg6 28. Qh3 Bxc5 29. Kh1 exf4 30. Bxf4 Rad8 31. b4 Bb6 32. Rc1 Qe6 33. Rfe1 Qxh3 34. gxh3 0-1

[Event "*** Titled Tuesday Blitz"]
[Site "Chess.com"]
[Date "2020.05.19"]
[Round "7"]
[White "Volodar_Murzin"]
[Black "carvillshill"]
[Result "0-1"]
[WhiteElo "2728"]
[BlackElo "2574"]
[TimeControl "180+1"]
[EndTime "13:18:15 PDT"]
[Termination "carvillshill won by resignation"]

1. d4 Nf6 2. Nf3 e6 3. Bf4 b6 4. e3 Bb7 5. Nbd2 Be7 6. c3 O-O 7. h3 c5 8. Bd3 cxd4 9. exd4 d6 10. O-O a6 11. Re1 Nbd7 12. Qe2 Re8 13. a4 Nf8 14.
Bh2 Ng6 15. Ng5 Bf8 16. Nge4 Nd5 17. Bc2 f5 18. Ng3 Ndf4 19. Qd1 Nxg2 20. Rf1 Qh4 21. Qh5 N2f4 22. Qxh4 Nxh4 23. f3 Nxh3+ 24. Kh1 Be7 25. Rae1 Bg5 26. Nc4 Nxf3 27. Nxd6 Nxe1+ 28. Nxb7 Nxc2 0-1

[Event "*** Titled Tuesday Blitz"]
[Site "Chess.com"]
[Date "2020.05.19"]
[Round "7"]
[White "AnnaChessLook"]
[Black "KanseiMigatte"]
[Result "1-0"]
[WhiteElo "2233"]
[BlackElo "2390"]
[TimeControl "180+1"]
[EndTime "13:18:17 PDT"]
[Termination "AnnaChessLook won by resignation"]

1. d4 e6 2. c4 d5 3. Nc3 Nf6 4. cxd5 exd5 5. Bg5 Be7 6. e3 h6 7. Bh4 O-O 8. Bd3 c6 9. Qc2 Ne8 10. Bxe7 Qxe7 11. Nf3 Nd6 12. O-O f5 13. Ne5 Be6 14.
b4 Nd7 15. f4 Nxe5 16. fxe5 Ne4 17. a3 Qg5 18. Rae1 a6 19. Bxe4 fxe4 20. Qd2 h5 21.
Rf4 h4 22. Ref1 h3 23. Rxf8+ Rxf8 24. Rxf8+ Kxf8 25. Qf2+ Ke7 26. Ne2 hxg2 27. Qxg2 Qxe3+ 28. Qf2 Qxa3 29. Qh4+ Kd7 30. Qg5 Qxb4 31. Qxg7+ Qe7 32. Qg3 a5 33. Qb3 Kc7 34. Nc3 b5 35. Qc2 Qg5+ 36.
Kf2 Qf4+ 37. Kg1 Bh3 38. Nxd5+ 1-0

[Event "*** Titled Tuesday Blitz"]
[Site "Chess.com"]
[Date "2020.05.19"]
[Round "7"]
[White "BikingBrian"]
[Black "colonelcassad"]
[Result "0-1"]
[WhiteElo "2249"]
[BlackElo "2412"]
[TimeControl "180+1"]
[EndTime "13:18:23 PDT"]
[Termination "colonelcassad won by resignation"]

1. d4 d5 2. Bf4 c6 3. e3 Bf5 4. c4 e6 5. Nc3 Nd7 6. Qb3 Qb6 7. c5 Qxb3 8. axb3 a6 9. b4 Rc8 10. Nf3 f6 11. Nd2 g5 12. Bg3 Ne7 13. Nb3 e5 14. Na5 Rc7 15. Kd2 h5 16. h3 h4 17. Bh2 Bg7 18. Bd3 Kf7 19. Rae1 Bg6 20. f4 gxf4 21.
exf4 e4 22. f5 Bh6+ 23. Kd1 Nxf5 24. Bxc7 exd3 25. Nxb7 Bh5+ 26. Ne2 dxe2+ 27. Kc2 Nxd4+ 28. Kd3 Ne6 29. Bh2 Rg8 30. Nd6+ Kf8 31. Nf5 Bf4 32. Bxf4 Nxf4+ 33. Kc3 Nxg2 0-1

[Event "*** Titled Tuesday Blitz"]
[Site "Chess.com"]
[Date "2020.05.19"]
[Round "7"]
[White "Gerasimenyuk_Miha"]
[Black "Azatic"]
[Result "1-0"]
[WhiteElo "2401"]
[BlackElo "2607"]
[TimeControl "180+1"]
[EndTime "13:18:26 PDT"]
[Termination "Gerasimenyuk_Miha won by resignation"]

1. d4 Nf6 2. Nf3 g6 3. Bg5 Bg7 4. e3 O-O 5. Nbd2 d6 6. Bd3 Nbd7 7. c3 b6 8. h4 h6 9. h5 hxg5 10. hxg6 fxg6 11. Bxg6 e5 12. dxe5 Nd5 13. Bh7+ Kf7 14. e6+ Kxe6 15. Ne4 Bf6 16. Bf5+ Kxf5 17. Qxd5+ Ne5 18.
Qxa8 c6 19. Nxe5 Bxe5 20. Qxc6 Be6 21. O-O-O Bd7 22. Nxd6+ Bxd6 23. Qxd6 1-0

[Event "*** Titled Tuesday Blitz"]
[Site "Chess.com"]
[Date "2020.05.19"]
[Round "7"]
[White "SergioGarciaFuentes"]
[Black "luizwas"]
[Result "1-0"]
[WhiteElo "2121"]
[BlackElo "1816"]
[TimeControl "180+1"]
[EndTime "13:18:26 PDT"]
[Termination "SergioGarciaFuentes won by checkmate"]

1. e4 e6 2. d3 d5 3. Nd2 dxe4 4. dxe4 Nf6 5. Ngf3 Nc6 6. Bb5 Bd7 7. O-O Bc5 8. Qe2 a6 9. Bc4 e5 10. c3 Bg4 11. h3 Bh5 12. Rd1 Qe7 13. Nf1 O-O 14. Ng3 Bg6 15. Nh4 Nxe4 16. Nxe4 Bxf2+ 17. Nxf2 Qxh4 18. Bd5 Rad8 19. Be3 Rd6 20. Bc5 Rfd8 21. Bxd6 Rxd6 22. Bf3 Rf6 23. Bxc6 bxc6 24. Rd8# 1-0

[Event "*** Titled Tuesday Blitz"]
[Site "Chess.com"]
[Date "2020.05.19"]
[Round "7"]
[White "SamuelGhimpu2003"]
[Black "BernardoRoselli"]
[Result "1-0"]
[WhiteElo "2602"]
[BlackElo "2456"]
[TimeControl "180+1"]
[EndTime "13:18:28 PDT"]
[Termination "SamuelGhimpu2003 won by resignation"]

1. e4 c5 2. Nf3 e6 3. d4 cxd4 4. Nxd4 Nf6 5. Nc3 Nc6 6. Nxc6 bxc6 7. e5 Nd5 8. Ne4 Qc7 9. f4 Qa5+ 10. Bd2 Qb6 11. c3 Be7 12. Bd3 Rb8 13. Qe2 a5 14. b3 f5 15. exf6 gxf6 16. g4 h5 17. g5 f5 18. Ng3 h4 19. Nh5 Kd8 20. Kf1 c5 21. Rg1 Bb7 22. Qe5 Rxh5 23. Qxb8+ Bc8 24. Qxb6+ Nxb6 25. c4 Ke8 26. Bxa5 Na8 27. a4 Bd6 28. Bd2 Nc7 29. a5 Na6 30. Ke2 Kf7 31. g6+ Kg8 32. b4 cxb4 33. c5 Nxc5 34. a6 Nxd3 35. Kxd3 e5 36. a7 e4+ 37. Kc4 Bb7 38. a8=Q+ Bxa8 39. Rxa8+ 1-0

[Event "*** Titled Tuesday Blitz"]
[Site "Chess.com"]
[Date "2020.05.19"]
[Round "7"]
[White "LizaSolovyova"]
[Black "zmeeed67"]
[Result "1-0"]
[WhiteElo "2547"]
[BlackElo "2400"]
[TimeControl "180+1"]
[EndTime "13:18:28 PDT"]
[Termination "LizaSolovyova won by resignation"]

1. d4 d5 2. Nc3 Nf6 3. e4 dxe4 4.
f3 exf3 5. Nxf3 g6 6. Bg5 Bg7 7. Qd2 O-O 8. O-O-O Bg4 9. Be2 Nbd7 10. h3 Bf5 11. g4 Ne4 12. Qe3 Nxg5 13. Nxg5 e5 14. d5 Bh6 15. h4 Bxc2 16. Kxc2 f6 17. Bc4 Nb6 18. Bb3 Qd6 19. Nce4 Qb4 20. Qc3 Qxc3+ 21.
bxc3 fxg5 22. hxg5 Bg7 23. d6+ Kh8 24. dxc7 Rac8 25. Rd2 h5 26. gxh5 Bf6 27. gxf6 1-0

[Event "*** Titled Tuesday Blitz"]
[Site "Chess.com"]
[Date "2020.05.19"]
[Round "7"]
[White "Lovinski"]
[Black "Mirzaad786"]
[Result "0-1"]
[WhiteElo "2451"]
[BlackElo "2285"]
[TimeControl "180+1"]
[EndTime "13:18:29 PDT"]
[Termination "Mirzaad786 won by resignation"]

1. Nf3 d5 2. g3 Bf5 3. c4 c6 4.
Qb3 Qb6 5. cxd5 Qxb3 6. axb3 cxd5 7. Nc3 e6 8. Nb5 Kd8 9. Ne5 Bg6 10. h4 Nc6 11.
Nxc6+ bxc6 12. Nxa7 Kd7 13. d3 Bc5 14. Be3 d4 15. b4 Bxb4+ 16. Bd2 Bc5 17. Ra5 Bxa7 18. Bg2 Ne7 19. O-O Bb6 0-1